 Dungeon Crawl Stone Soup version 0.16.1-11-g651b585 (webtiles) character file.

204 vatarom the Skirmisher (level 5, -2/37 HPs)
             Began as an Octopode Transmuter on Apr 4, 2015.
             Killed by divine providence
             ... invoked by an orc priest
              (13 damage)
             ... on level 3 of the Dungeon.
             The game lasted 00:06:55 (3514 turns).

vatarom the Skirmisher (Octopode Transmuter)        Turns: 3514, Time: 00:06:56

Health: -2/37      AC:  2    Str:  9    XL:     5   Next: 82%
Magic:  3/9        EV: 20    Int: 15    God:
Gold:   48         SH:  0    Dex: 19    Spells: 3 memorised, 2 levels left

rFire  . . .     SeeInvis .       - Unarmed
rCold  + . .     Clarity  .     (shield currently unavailable)
rNeg   . . .     SustAb   .     (helmet currently unavailable)
rPois  x         Gourm    .     (no amulet)
rElec  .         Spirit   .     e - ring of protection from cold
rCorr  .         Warding  .     (no ring)
rMut   .         Stasis   .     (no ring)
MR     .....                    (no ring)
Stlth  +++.......               (no ring)
                                (no ring)
                                (no ring)
                                (no ring)

@: spider-form, very slightly contaminated, not resistant to hostile
enchantments, fairly stealthy
A: almost no armour, amphibious, 8 rings, (constrict 8), (camouflage 0),
(gelatinous body 0)
a: End Transformation


You were on level 3 of the Dungeon.
You were not hungry.
You were a venomous arachnid creature.
You visited 1 branch of the dungeon, and saw 3 of its levels.

You collected 48 gold pieces.

Inventory:

Missiles
 b - 23 arrows
 i - 17 poisoned arrows
Armour
 c - a +1 buckler
Jewellery
 e - a ring of protection from cold (left front leg)
Magical devices
 k - a wand of frost (29)
Scrolls
 h - a scroll of fog {unknown}
Potions
 a - 2 potions of heal wounds
Books
 d - a book of Changes

   Spells                             Type                      Level
   a - Beastly Appendage              Transmutation                1
   b - Sticks to Snakes               Transmutation                2
   c - Spider Form                    Transmutation/Poison         3
   d - Ice Form                       Ice/Transmutation            4
   e - Blade Hands                    Transmutation                5
Comestibles
 f - 3 royal jellies
 g - a beef jerky
 j - 3 fruits


   Skills:
 + Level 3.8 Fighting
 - Level 2.0 Dodging
 - Level 3.1 Stealth
 - Level 3.0 Unarmed Combat
 - Level 2.0 Spellcasting
 + Level 3.7 Transmutations


You had 2 spell levels left.
You knew the following spells:

 Your Spells              Type           Power        Failure   Level  Hunger
a - Beastly Appendage     Trmt           ##....       17%         1    #......
b - Sticks to Snakes      Trmt           ##........   24%         2    ###....
c - Spider Form           Trmt/Pois      #.........   56%         3    ###....


Dungeon Overview and Level Annotations

Branches:
Dungeon (3/15)

Altars:
Qazlal
The Shining One


Innate Abilities, Weirdness & Mutations

You cannot wear most types of armour.
You are amphibious.
You can wear up to eight rings at the same time.
((You can use your tentacles to constrict many enemies at once.))
((Your skin changes colour to match your surroundings (Stealth).))
((Your rubbery body absorbs attacks (AC +1).))


Message History

The orc wizard hits you with a dagger.
You hit the orc wizard.
The orc wizard is poisoned.
The orc wizard is heavily wounded.
The orc priest calls upon Beogh to heal the orc wizard.
The orc wizard is healed somewhat.
The orc completely misses you. The orc wizard misses you.
You barely miss the orc wizard.
The orc wizard is moderately wounded.
The orc priest's eyes start to glow.
The orc misses you.
The orc wizard hits you but does no damage.
You hit the orc wizard.
You kill the orc wizard!
The orc priest prays to Beogh.
You feel a wave of unholy energy pass over you.
An orc comes into view. It is wielding a flail.
The orc barely misses you.
The orc priest invokes the aid of Beogh against you.
Something smites you!
You die...

#........>######...###
#......[........[.....
##......#.###########.
#......#.#..........<
#...##'#'#.#....#####
#####................
#.....#########.#
####......# #.#
#ooso.....# #.#
#.##......# #.# #
#.....## #.# #o....#
#.. .....## ### ######


You could see 2 orc priests and 2 orcs.

Vanquished Creatures
  A scorpion (D:3)
  2 orc wizards (D:3)
  An adder (D:2)
  A gnoll (D:2)
  A worm (D:2)
  A giant mite (D:2)
  A giant gecko (D:3)
  3 orcs (D:3)
  8 bats
  2 giant cockroaches
  6 goblins
  11 hobgoblins
  A quokka (D:2)
  A ball python (D:3)
  2 giant newts
  3 jackals (D:1)
  3 kobolds
  6 rats
54 creatures vanquished.

Vanquished Creatures (collateral kills)
  2 gnolls (D:2)
2 creatures vanquished.

Grand Total: 56 creatures vanquished

Notes
Turn   | Place    | Note
--------------------------------------------------------------
     0 | D:1      | vatarom, the Octopode Transmuter, began the quest for the Orb.
     0 | D:1      | Reached XP level 1. HP: 13/13 MP: 3/3
   137 | D:1      | Reached skill level 1 in Stealth
   350 | D:1      | Reached XP level 2. HP: 9/18 MP: 4/4
  1089 | D:2      | Reached XP level 3. HP: 2/24 MP: 6/6
  1291 | D:2      | Learned a level 2 spell: Sticks to Snakes
  1295 | D:2      | Learned a level 3 spell: Spider Form
  1591 | D:2      | Found a stormy altar of Qazlal.
  2116 | D:2      | Reached XP level 4. HP: 30/30 MP: 7/7
  2697 | D:2      | Found a glowing golden altar of the Shining One.
  2799 | D:3      | Reached XP level 5. HP: 13/36 MP: 0/9
  3514 | D:3      | Killed from afar by an orc priest

Action                   |  1- 3 |  4- 6 || total
-------------------------+-------+-------++-------
Melee: Unarmed           |    75 |    59 ||   134
 Cast: Beastly Appendage |     4 |     2 ||     6
       Sticks to Snakes  |       |     5 ||     5
       Spider Form       |       |     2 ||     2
  Use: Potion            |     1 |     1 ||     2
       Scroll            |     3 |       ||     3
 Stab: Sleeping          |     8 |     3 ||    11
  Eat: Chunk             |     2 |       ||     2
       Bread ration      |     1 |     1 ||     2
